 Dungeon Crawl Stone Soup version 0.31-a0-1370-gf52a5a9ab3 (webtiles) character file.

Game seed: 7290568831518155273

2234 grandjackal the Fighter (level 9, -2/74 HPs)
             Began as a Demonspawn Gladiator on Dec 24, 2023.
             Was an Initiate of Nemelex Xobeh.
             Killed by divine providence
             ... invoked by an orc priest
              (12 damage)
             ... on level 7 of the Dungeon.
             The game lasted 00:07:54 (7743 turns).

grandjackal the Fighter (Demonspawn Gladiator)      Turns: 7743, Time: 00:07:55

Health: -2/74      AC: 15    Str: 15    XL:     9   Next: 14%
Magic:  13/13      EV: 16    Int:  8    God:    Nemelex Xobeh [......]
Gold:   349        SH:  0    Dex: 19    Spells: 8/8 levels left

rFire   . . .        j - +0 dagger (venom)
rCold   . . .        (no shield)
rNeg    . . .        F - +1 acid dragon scales
rPois   .            c - +0 helmet
rElec   .            x - +2 cloak
rCorr   +            z - +2 pair of gloves
SInv    +            B - +0 pair of boots
Will    .....        (no amulet)
Stlth   +            k - ring of flight
HPRegen 0.32/turn    y - ring of see invisible
MPRegen 0.13/turn

%: no passive effects
@: attractive, flying
A: claws 1, demonic guardian 1, ignite blood 2
a: Renounce Religion, Draw Escape, Draw Destruction, Draw Summoning


You were on level 7 of the Dungeon.
You worshipped Nemelex Xobeh.
Nemelex Xobeh was noncommittal.
You visited 2 branches of the dungeon, and saw 8 of its levels.

You collected 349 gold pieces.

Inventory:

Hand Weapons
 a - a +0 long sword
 j - a +0 dagger of venom (weapon)
Missiles
 d - 3 throwing nets (quivered)
 e - a javelin
Armour
 c - a +0 helmet (worn)
 x - a +2 cloak (worn)
 z - a +2 pair of gloves (worn)
 B - a +0 pair of boots (worn)
 F - +1 acid dragon scales (worn)
Jewellery
 k - a ring of flight (left hand)
 l - a +4 ring of slaying
 y - a ring of see invisible (right hand)
Wands
 q - a wand of polymorph (15)
 w - a wand of flame (14)
 E - a wand of light (13)
Scrolls
 b - 4 scrolls of poison
 n - a scroll of fog {unknown}
 p - 3 scrolls of revelation {unknown}
 r - 2 scrolls of teleportation {unknown}
 u - 3 scrolls of blinking {unknown}
 v - a scroll of brand weapon {unknown}
 A - 2 scrolls of fear {unknown}
 D - a scroll of enchant armour {unknown}
Potions
 g - a potion of ambrosia
 i - a potion of brilliance {unknown}
 m - a potion of curing
 o - a potion of cancellation
 s - 2 potions of mutation
 t - a potion of might
 C - a potion of heal wounds {unknown}


   Skills:
 + Level 8.0 Fighting
 - Level 3.0 Long Blades
 - Level 2.1 Throwing
 + Level 7.5 Dodging
 + Level 6.2 Invocations


You had 8 spell levels left.
You didn't know any spells.
Your spell library contained the following spells:

 Spells                   Type           Power      Damage    Failure   Level
 Freeze                   Ice            0%         1d3       52%         1
 Necrotise                Necr           0%         1d4       52%         1
 Slow                     Hex            0%         N/A       52%         1
 Confusing Touch          Hex            0%         N/A       88%         3
 Dazzling Flash           Conj/Hex       0%         N/A       88%         3
 Frozen Ramparts          Ice            0%         1d1       88%         3
 Hailstorm                Conj/Ice       0%         3d5       88%         3
 Ozocubu's Armour         Ice            0%         N/A       88%         3
 Sigil of Binding         Hex            0%         N/A       88%         3
 Vampiric Draining        Necr           0%         2d6       88%         3
 Volatile Blastmotes      Fire/Tloc      0%         2d10      88%         3
 Agony                    Necr           0%         N/A       100%        5
 Metabolic Englaciation   Hex/Ice        0%         N/A       100%        5
 Simulacrum               Ice/Necr       0%         N/A       100%        6
 Starburst                Conj/Fire      0%         6d3       100%        6
 Maxwell's Capacitive Co  Air            0%         ∞         100%        8


Dungeon Overview and Level Annotations

Branches:
Dungeon (7/15)             Temple (1/1) D:6

Altars:
Ashenzari
Cheibriados
Dithmenos
Fedhas
Hepliaklqana
Kikubaaqudgha
Makhleb
Nemelex Xobeh
Okawaru
Qazlal
Ru
Sif Muna
Trog
Vehumet
Wu Jian
Xom
Yredelemnul


Innate Abilities, Weirdness & Mutations

You have sharp fingernails.
A weak demonic guardian rushes to your aid.
Your demonic aura often causes spilled blood to erupt in flames.


Message History

You closely miss the steam dragon.
The steam dragon is lightly wounded.
You are engulfed in a cloud of scalding steam.
A demonic guardian appears!
The orc wizard hits you with a +0 dagger.
* * * LOW HITPOINT WARNING * * *
The steam dragon misses you. The steam dragon barely misses you.
The orc throws a stone.
The stone barely misses the orc wizard.
The stone hits you but does no damage.
You feel better.
You are engulfed in a cloud of scalding steam.
* * * LOW HITPOINT WARNING * * *
The orc wizard barely misses you. The steam dragon breathes steam at you.
The ball of steam hits you!
* * * LOW HITPOINT WARNING * * *
The ball of steam hits your shadow imp!
Your shadow imp dies!
Your shadow imp disappears in a puff of smoke!
The orc throws a stone.
The stone barely misses the orc wizard.
The stone hits you but does no damage.
You feel better.
You are engulfed in a cloud of scalding steam.
The steam dragon barely misses you. x2
Unknown command.
You closely miss the steam dragon.
The steam dragon is lightly wounded.
You are engulfed in a cloud of scalding steam.
The orc priest mumbles some strange prayers to Beogh against you.
Beogh smites you!
* * * LOW HITPOINT WARNING * * *
The orc wizard hits you but does no damage.
The steam dragon bites you but does no damage.
The steam dragon misses you. The orc barely misses you.
It was a potion of attraction.
You feel attractive to monsters.
The orc priest calls down the wrath of Beogh upon you.
Beogh smites you!
You die...
Your body disappears without a glow.

#)# #.#
#####.#
#.....#
#...oo#
#...oY#
#####o#
#D#
#####@#


#oo.oo# #.##### #.# #.# #.# #### #.# ##...# #.###....+ ##.#......# You could see
a steam dragon (poisoned), a sky beast, 2 orc priests, 2 orc wizards and 4 orcs.

Vanquished Creatures
  Pikel (D:7)
  A water moccasin (D:6)
  An ice beast (D:6)
  A sky beast (D:7)
  An orc warrior (D:7)
  An ogre (D:6)
  A phantom (D:6)
  3 kobold brigands (D:6)
  3 bullfrogs
  An orc priest (D:7)
  A jelly (D:6)
  3 hounds (D:5)
  Crazy Yiuf (D:3)
  Ijyb (D:3)
  3 iguanas
  A sleepcap (D:4)
  4 orc wizards
  16 gnolls
  14 adders
  A shadow imp (D:6)
  A bombardier beetle (D:4)
  2 ufetubi (D:6)
  A worm (D:3)
  2 dart slugs
  21 orcs
  2 endoplasms
  6 giant cockroaches
  6 goblins
  7 hobgoblins
  2 jackals (D:1)
  21 kobolds
  4 quokkas
  6 ball pythons
  5 bats
  2 frilled lizards (D:3)
  4 rats
151 creatures vanquished.

Vanquished Creatures (collateral kills)
  A bombardier beetle (D:4)
  An orc (D:6)
2 creatures vanquished.

Grand Total: 153 creatures vanquished

Notes
Turn   | Place    | Note
-------+----------+-------------------------------------------
     0 | D:1      | grandjackal the Demonspawn Gladiator began the quest for
                  | the Orb.
     0 | D:1      | Reached XP level 1. HP: 16/16 MP: 1/1
   125 | D:1      | Gained mutation: A weak demonic guardian rushes to your
                  | aid. [demonic ancestry]
   125 | D:1      | Reached XP level 2. HP: 22/22 MP: 2/2
   950 | D:2      | Gained mutation: Your demonic aura sometimes causes spilled
                  | blood to erupt in flames. [demonic ancestry]
   950 | D:2      | Reached XP level 3. HP: 22/28 MP: 3/3
  1582 | D:2      | Reached skill level 3 in Fighting
  1617 | D:2      | Reached XP level 4. HP: 35/35 MP: 4/4
  1701 | D:3      | Noticed Ijyb
  1726 | D:3      | Killed Ijyb
  2136 | D:3      | Gained mutation: You have sharp fingernails. [demonic
                  | ancestry]
  2136 | D:3      | Reached XP level 5. HP: 41/41 MP: 5/5
  2229 | D:3      | Found a runed translucent door.
  2230 | D:3      | Noticed Crazy Yiuf
  2338 | D:3      | Found an ornate altar of the Wu Jian Council.
  2360 | D:3      | Found a stormy altar of Qazlal.
  3029 | D:3      | Killed Crazy Yiuf
  3030 | D:3      | Reached skill level 4 in Fighting
  3353 | D:4      | Noticed Edmund
  3354 | D:4      | Edmund changed into Edmund the iguana
  3354 | D:4      | Noticed Edmund
  3366 | D:4      | Killed Edmund the iguana
  3367 | D:4      | Reached XP level 6. HP: 42/49 MP: 6/6
  4120 | D:5      | Entered Level 5 of the Dungeon
  4201 | D:5      | Reached skill level 5 in Fighting
  4201 | D:5      | Reached skill level 5 in Dodging
  4773 | D:5      | Reached XP level 7. HP: 55/56 MP: 7/7
  5764 | D:6      | Reached skill level 6 in Fighting
  5985 | D:6      | Found a staircase to the Ecumenical Temple.
  5998 | Temple   | Entered the Ecumenical Temple
  6024 | Temple   | Became a worshipper of Ru the Awakened
  6049 | Temple   | Fell from the grace of Ru
  6049 | Temple   | Became a worshipper of Nemelex Xobeh the Trickster
  6179 | D:6      | Reached skill level 1 in Invocations
  6349 | D:6      | Reached XP level 8. HP: 41/65 MP: 9/9
  6532 | D:6      | Noticed Maggie
  6533 | D:6      | Maggie changed into Maggie the water moccasin
  6533 | D:6      | Noticed Maggie
  6552 | D:6      | Killed Maggie the water moccasin
  6896 | D:6      | Reached skill level 7 in Fighting
  7532 | D:7      | Noticed Pikel
  7558 | D:7      | Killed Pikel
  7559 | D:7      | Reached skill level 5 in Invocations
  7698 | D:7      | Gained mutation: Your demonic aura often causes spilled
                  | blood to erupt in flames. [demonic ancestry]
  7698 | D:7      | Reached XP level 9. HP: 67/74 MP: 13/13
  7738 | D:7      | Reached skill level 8 in Fighting
  7743 | D:7      | Killed from afar by an orc priest

Illustrated notes

Levels and vault maps discovered:
D:1:      dpeg_arrival_ternary, layout_basic, chequers_serial_rivers_micro_c
D:2:      layout_basic
D:3:      layout_loops_corners, jmf_multi_god_temple, uniq_crazy_yiuf_cottage,
          uniq_ijyb
D:4:      layout_basic, kennysheep_small_circle, uniq_edmund
D:5:      layout_layer_cave, saegor_snake_ambush
D:6:      layout_basic, temple_fountains, uniq_maggie
D:7:      layout_basic, nicolae_shop_unique_rings, uniq_pikel
Temple:   bh_familiar_temple

Skill      XL: |  1  2  3  4  5  6  7  8  9 |
---------------+----------------------------+-----
Throwing       | 2 |  2.1
Long Blades    | 3 |  3.0
Dodging        | 3 4 5 6 7 |  7.5
Fighting       | 3 4 5 6 7 8 |  8.0
Invocations    | 2 5 6 |  6.2

Action                     |  1- 3 |  4- 6 |  7- 9 || total
---------------------------+-------+-------+-------++-------
  Melee: Long sword        |    46 |       |       ||    46
         Dagger            |    79 |   278 |   362 ||   719
         Punch             |     4 |     3 |     6 ||    13
  Evoke: Wand              |       |     1 |     1 ||     2
    Use: Scroll            |       |       |     6 ||     6
         Potion            |       |       |     4 ||     4
   Stab: Distracted        |       |     2 |       ||     2
 Armour: Leather armour    |    36 |       |       ||    36
         Ring mail         |    47 |   135 |   140 ||   322
         Acid dragon scale |       |       |    98 ||    98
  Dodge: Dodged            |    79 |   160 |   275 ||   514

Table legend: (Time is in decaauts)
 A = Elapsed time spent in this place.
 B = Non-inter-level travel time spent in this place.
 C = Inter-level travel time spent in this place.
 D = Time resting spent in this place.
 E = Time spent auto-exploring this place.
 F = Levels seen in this place.
 G = Mean time per level.
                   A        B        C        D        E       F      G
               +--------+--------+--------+--------+--------+-----+--------+
         Total |   7698 |   7497 |    201 |   1477 |   4556 |   8 |  962.2 |
       Dungeon |   7620 |   7419 |    201 |   1477 |   4556 |   7 | 1088.6 |
        Temple |     77 |     77 |      0 |      0 |      0 |   1 |   77.0 |
               +--------+--------+--------+--------+--------+-----+--------+

Top non-repeatable levels by time:
     D:6: 1766 daAuts
     D:5: 1519 daAuts
     D:3: 1335 daAuts
     D:4: 1121 daAuts
     D:1: 937 daAuts
     D:2: 725 daAuts
     D:7: 214 daAuts
  Temple: 77 daAuts
